 Dungeon Crawl Stone Soup version 0.29.0-11-gd7f09526c8 (webtiles) character file.

Game seed: 15758905981293954456

139 apoch the Chopper (level 5, -2/45 HPs)
             Began as a Minotaur Fighter on Sept 6, 2022.
             Killed by divine providence
             ... invoked by an orc priest
              (14 damage)
             ... on level 4 of the Dungeon.
             The game lasted 00:04:48 (3428 turns).

apoch the Chopper (Minotaur Fighter)                Turns: 3428, Time: 00:04:48

Health: -2/45      AC:  6    Str: 22    XL:     5   Next: 1%
Magic:  4/4        EV:  9    Int:  5    God:
Gold:   817        SH:  4    Dex: 10    Spells: 4/4 levels left

rFire   . . .      SeeInvis .   a - +1 war axe
rCold   . . .      Faith    .   c - +0 buckler
rNeg    . . .      Spirit   .   b - +0 scale mail
rPois   .          Reflect  .   (helmet restricted)
rElec   .          Harm     .   (no cloak)
rCorr   .          Rampage  .   (no gloves)
Will    .....                   (no boots)
Stlth   ..........              (no amulet)
HPRegen 0.15/turn               (no ring)
MPRegen 0.09/turn               (no ring)

@: no status effects
A: horns 2, retaliatory headbutt
a: no special abilities


You were on level 4 of the Dungeon.
You visited 1 branch of the dungeon, and saw 4 of its levels.

You collected 817 gold pieces.

Inventory:

Hand Weapons
 a - a +1 war axe (weapon)
Armour
 b - a +0 scale mail (worn)
 c - a +0 buckler (worn)
Jewellery
 g - a +4 ring of evasion
Scrolls
 o - 3 scrolls of teleportation
 q - a scroll of immolation
Potions
 d - a potion of might
 f - 2 potions of mutation
 h - 2 potions of flight {unknown}
 j - 6 potions of curing {unknown}
 l - a potion of ambrosia {unknown}
 m - 4 potions of heal wounds {unknown}
 p - a potion of magic {unknown}
 t - a potion of brilliance {unknown}


   Skills:
 - Level 3.6 Fighting
 + Level 6.3 Axes
 - Level 3.6 Armour
 - Level 3.6 Shields


You had 4 spell levels left.
You didn't know any spells.
Your spell library contained the following spells:

 Spells                   Type           Power      Damage    Failure   Level
 Beastly Appendage        Tmut           0%         N/A       88%         1
 Sting                    Tmut/Pois      0%         1d3       88%         1
 Poisonous Vapours        Pois/Air       0%         N/A       95%         2
 Wereblood                Tmut           0%         N/A       95%         2
 Call Canine Familiar     Summ           0%         N/A       99%         3
 Portal Projectile        Hex/Tloc       0%         N/A       99%         3
 Spider Form              Tmut/Pois      0%         N/A       99%         3
 Leda's Liquefaction      Hex/Erth       0%         N/A       100%        4
 Olgreb's Toxic Radiance  Pois           0%         N/A       100%        4


Dungeon Overview and Level Annotations

Branches:
Dungeon (4/15)             Temple (0/1) D:4

Altars:
Fedhas
Yredelemnul

Shops:
D:1 ((::[

Annotations:
D:3 1 runed translucent door


Innate Abilities, Weirdness & Mutations

You have a pair of horns on your head.
You reflexively headbutt those who attack you in melee.


Message History

The orc priest miscasts a cantrip.
An orc comes into view. It is wielding a +0 falchion.
The orc shouts!
The orc priest calls down the wrath of Beogh upon you.
Beogh smites you!
You hear a shout!
An orc comes into view. It is wielding a +0 whip.
The orc shouts!
The orc wizard barely misses you.
You hit the orc wizard.
The orc wizard is moderately wounded.
You closely miss the orc priest. You block the orc wizard's attack.
The orc priest barely misses you.
You closely miss the orc wizard.
The orc wizard is moderately wounded.
You barely miss the orc priest. The orc wizard barely misses you.
The orc priest calls down the wrath of Beogh upon you.
Pain shoots through your body!
You closely miss the orc priest. You barely miss the orc wizard.
The orc wizard points at you and mumbles some strange words.
The magic dart hits you!
You slash the orc priest! Your headbutt misses the orc priest.
The orc priest is almost dead.
You miss the orc wizard. You slash the orc!
You kill the orc!
The orc wizard hits you but does no damage.
The orc priest hits you with a +0 mace.
* * * LOW HITPOINT WARNING * * *
The orc priest closely misses you.
The orc wizard hits you but does no damage.
Unknown command.
Unknown command.
You barely miss the orc priest.
The orc priest is almost dead.
You closely miss the orc wizard. You hit the orc. The orc barely misses you.
The orc wizard hits you with a +0 dagger.
* * * LOW HITPOINT WARNING * * *
The orc priest invokes the aid of Beogh against you.
Beogh smites you!
You die...

*,,,,,,~~~≈≈≈≈≈≈.........#.#.#
*,,,,~~~~≈≈≈≈≈≈≈≈≈..###..#.#.#
*,,,~~~~~≈...≈≈≈≈≈≈.# ##.#.#.#
*,,,~~~~~≈.>.≈≈≈≈≈≈.# #.#.#.#
,,*,~~~~~≈...≈≈≈≈≈≈.# #.#.#.#
,,,,~~~~~≈≈≈≈~~≈≈≈≈.# #.#.#.##
,,,,,~~~~≈≈≈≈≈~~≈≈..# #.#....#
,,,,,,,~~≈≈≈≈≈≈≈....# #.######
,,,,,,,,,≈≈≈≈≈.o@...# *,,,,,*
,,,,,,,,,......oo...# *****,*
,,,,,,,**#.........## *,*
,,,,,,,,,..######### *,*
,,,,,,,,,#** *,* ****,,,,,*
*,* ,,,+,,,>,* *,* ****,,,,,*
*,* ,,,,,,,,,* *,*


You could see an orc priest, an orc wizard and an orc.

Vanquished Creatures
  Jessica (D:3)
  An iguana (D:3)
  3 adders (D:3)
  3 worms (D:2)
  3 dart slugs
  3 orcs
  3 endoplasms (D:1)
  A giant cockroach (D:1)
  3 goblins
  2 hobgoblins
  2 jackals (D:2)
  2 quokkas (D:2)
  3 ball pythons
  3 bats
  7 frilled lizards
  A jackal zombie (D:3)
  4 kobolds
  6 rats
51 creatures vanquished.

Notes
Turn   | Place    | Note
-------+----------+-------------------------------------------
     0 | D:1      | apoch the Minotaur Fighter began the quest for the Orb.
     0 | D:1      | Reached XP level 1. HP: 19/19 MP: 0/0
    26 | D:1      | Found Imoashropp's Book Boutique.
   113 | D:1      | Reached skill level 3 in Axes
   413 | D:1      | Reached XP level 2. HP: 20/26 MP: 1/1
   490 | D:1      | Found a faded altar of an unknown god.
   690 | D:1      | Found Kiosm's Antique Weapon Shoppe.
   732 | D:1      | Found Nackocys's Book Boutique.
   813 | D:1      | Found Ceom's Armour Boutique.
   875 | D:1      | Found Toceojo's Weapon Boutique.
  1251 | D:2      | Reached skill level 4 in Axes
  1335 | D:2      | Reached XP level 3. HP: 24/31 MP: 2/2
  1677 | D:2      | Found a blossoming altar of Fedhas.
  2263 | D:3      | Reached skill level 5 in Axes
  2474 | D:3      | Found a runed translucent door.
  2474 | D:3      | Noticed a human
  2475 | D:3      | Found a basalt altar of Yredelemnul.
  2619 | D:3      | Noticed Jessica
  2622 | D:3      | Killed Jessica
  2623 | D:3      | Reached XP level 4. HP: 39/39 MP: 3/3
  2683 | D:3      | Reached skill level 6 in Axes
  3319 | D:4      | Identified a scroll of acquirement
  3319 | D:4      | Acquired 670 gold pieces
  3332 | D:4      | Reached XP level 5. HP: 45/45 MP: 4/4
  3414 | D:4      | Found a staircase to the Ecumenical Temple.
  3428 | D:4      | Killed from afar by an orc priest

Illustrated notes

Levels and vault maps discovered:
D:1:      erik_arrival_orb_chamber, layout_loops_corners,
          hellmonk_ecumenical_altar_crossroads, serial_shops, shop,
          nicolae_shop_advertising_works [nicolae_subvault_shop_adworks], shop,
          shop, nicolae_shop_bloodbath_and_beyond, corexii_hall_statues_deadend
D:2:      layout_basic, basic_altar, nicolae_wormholes
D:3:      layout_loops_cross, dk_yredelemnul_ordeal, kennysheep_generic_room_14,
          uniq_jessica
D:4:      layout_basic, nicolae_kikubaaqudgha_miasma_corner, trog_book,
          temple_pool_b, ebering_ghost_gozag, uniq_edmund, uniq_ijyb,
          uniq_duvessa

Skill      XL: |  1  2  3  4 |
---------------+-------------+-----
Axes           | 3 4 5 6 |  6.3
Fighting       | |  3.6
Armour         | |  3.6
Shields        | |  3.6

Action                   |  1- 3 |  4- 6 || total
-------------------------+-------+-------++-------
Melee: War axe           |    91 |    18 ||   109
       Headbutt          |     7 |     2 ||     9
Throw: Stone             |    34 |     2 ||    36
  Use: Scroll            |       |     8 ||     8
Armor: Scale mail        |    32 |     7 ||    39
Dodge: Dodged            |    39 |     7 ||    46
Block: Buckler           |    14 |     5 ||    19
